 Dungeon Crawl Stone Soup version 0.30-a0-136-gea98e250e0 (webtiles) character file.

Game seed: 9962094695321849333

813 Nedwor the Cutter (level 7, -16/54 HPs)
             Began as a Demonspawn Gladiator on Sept 21, 2022.
             Demolished by Menkaure (17 damage)
             ... on level 5 of the Dungeon.
             The game lasted 00:04:09 (5816 turns).

Nedwor the Cutter (Demonspawn Gladiator)            Turns: 5816, Time: 00:04:10

Health: -16/54     AC:  8    Str: 16    XL:     7   Next: 61%
Magic:  7/7        EV: 11    Int: 10    God:
Gold:   276        SH:  0    Dex: 14    Spells: 6/6 levels left

rFire   . . .      SeeInvis .    a - +0 rapier
rCold   . . .      Faith    .    (no shield)
rNeg    . . .      Spirit   .    h - +0 scale mail
rPois   .          Reflect  .    (helmet restricted)
rElec   .          Harm     .    x - +0 cloak
rCorr   .          Rampage  .    (no gloves)
Will    +....                    (no boots)
Stlth   ..........               (no amulet)
HPRegen 0.18/turn                u - ring of willpower
MPRegen 0.10/turn                (no ring)

@: no status effects
A: antennae 1, hooves 1, foul stench 1, weakness stinger 2
a: no special abilities


You were on level 5 of the Dungeon.
You visited 1 branch of the dungeon, and saw 5 of its levels.

You collected 276 gold pieces.

Inventory:

Hand Weapons
 a - a +0 rapier (weapon)
Missiles
 d - 3 throwing nets (quivered)
 e - a javelin
Armour
 c - a +0 helmet
 h - a +0 scale mail (worn)
 x - a +0 cloak (worn)
Jewellery
 f - a +6 ring of strength
 u - a ring of willpower (left hand)
Wands
 p - a wand of flame (17)
Scrolls
 k - 2 scrolls of poison {unknown}
 l - 2 scrolls of noise {unknown}
 n - 3 scrolls of identify {unknown}
 o - a scroll of vulnerability {unknown}
 q - 2 scrolls of blinking {unknown}
 t - a scroll of teleportation {unknown}
 v - a scroll of enchant armour {unknown}
Potions
 b - 3 potions of heal wounds {unknown}
 g - 2 potions of flight {unknown}
 i - 2 potions of invisibility {unknown}
 j - 3 potions of brilliance {unknown}
 m - a potion of haste {unknown}
 r - 5 potions of curing {unknown}
 s - a potion of cancellation {unknown}
 w - a potion of ambrosia {unknown}
 z - a potion of berserk rage {unknown}
 A - a potion of lignification {unknown}
 B - a potion of mutation {unknown}


   Skills:
 + Level 4.2 Fighting
 * Level 5.6 Short Blades
 - Level 1.7 Throwing
 + Level 3.2 Armour
 + Level 4.4 Dodging


You had 6 spell levels left.
You didn't know any spells.
Your spell library contained the following spells:

 Spells                   Type           Power      Damage    Failure   Level
 Sting                    Tmut/Pois      0%         1d3       80%         1
 Cigotuvi's Dreadful Rot  Necr/Pois/Air  0%         N/A       90%         2
 Poisonous Vapours        Pois/Air       0%         N/A       90%         2
 Portal Projectile        Hex/Tloc       0%         N/A       99%         3
 Tukima's Dance           Hex            0%         N/A       99%         3
 Olgreb's Toxic Radiance  Pois           0%         N/A       100%        4
 Blade Hands              Tmut           0%         N/A       100%        5


Dungeon Overview and Level Annotations

Branches:
Dungeon (5/15)             Temple (0/1) D:4

Altars:
Fedhas
Trog
Vehumet

Annotations:
D:5 Menkaure


Innate Abilities, Weirdness & Mutations

You have a pair of small antennae on your head.
You have large cloven feet.
You may rarely emit foul miasma when damaged in melee.
You have a tail ending in a sharp stinger.


Message History

You open the door.
There is an open door here.
Menkaure, Prince of Dust comes into view.
Menkaure shouts!
Menkaure is nearby!
Menkaure is nearby!
Menkaure gestures wildly while chanting.
Menkaure seems to speed up.
You hit Menkaure. You kick Menkaure, but do no damage. You tail-slap Menkaure.
Menkaure is moderately damaged.
Menkaure hits you but does no damage.
Menkaure gestures at you while chanting.
You resist with some effort.
You hit Menkaure.
Menkaure is moderately damaged.
Menkaure hits you!
You hit Menkaure. You kick Menkaure.
Menkaure is severely damaged.
Menkaure closely misses you.
You barely miss Menkaure. You kick Menkaure.
Menkaure is severely damaged.
Menkaure calls on the powers of darkness!
Your body is wracked with pain!
You hit Menkaure but do no damage. You kick Menkaure, but do no damage.
Menkaure is severely damaged.
Menkaure hits you.
You hit Menkaure but do no damage. You kick Menkaure.
You tail-slap Menkaure, but do no damage.
Menkaure is almost destroyed.
Menkaure hits you!!
* * * LOW HITPOINT WARNING * * *
You hit Menkaure but do no damage. You kick Menkaure, but do no damage.
Menkaure is almost destroyed.
Menkaure barely misses you.
You hit Menkaure. Your kick misses Menkaure.
Menkaure is almost destroyed.
Menkaure closely misses you.
Menkaure wails, "Why can't you leave me to my rest?"
Menkaure hits you!
You die...

#### #..... ...+ ####
#.....# ...# ...#
#.....# ...# ##.#..
#.....# ...# #...
...#.....# ...#
#.......#....)##M..#
##.......#......@...#
.........#..........+
##.#.....#.....##...#
#.#.....#.....# ####
#)'.....#.....#
##)#.....#.....#
.).#.....+.....#
####.....#.....#
###### #.....#.....#
......


You could see Menkaure (fast).

Vanquished Creatures
  Sigmund (D:2)
  An ogre (D:5)
  A phantom (D:5)
  A howler monkey (D:5)
  4 hounds (D:5)
  An orc priest (D:5)
  Natasha (thrice) (D:2)
  An iguana (D:5)
  2 orc wizards (D:5)
  Robin (D:2)
  5 adders
  A shadow imp (D:5)
  A white imp (D:5)
  2 dart slugs
  8 orcs
  7 bats
  5 endoplasms
  3 giant cockroaches
  9 goblins
  13 hobgoblins
  3 jackals (D:1)
  2 quokkas
  3 ball pythons (D:1)
  A frilled lizard (D:2)
  3 kobolds
  A rat (D:2)
83 creatures vanquished.

Notes
Turn   | Place    | Note
-------+----------+-------------------------------------------
     0 | D:1      | Nedwor the Demonspawn Gladiator began the quest for the
                  | Orb.
     0 | D:1      | Reached XP level 1. HP: 16/16 MP: 1/1
   307 | D:1      | Gained mutation: You may rarely emit foul miasma when
                  | damaged in melee. [demonic ancestry]
   307 | D:1      | Reached XP level 2. HP: 22/22 MP: 2/2
   364 | D:1      | Reached skill level 3 in Short Blades
   684 | D:1      | Found a faded altar of an unknown god.
   886 | D:1      | Discovered your monstrous ancestry.
   886 | D:1      | Gained mutation: You have a small tail. [demonic ancestry]
   886 | D:1      | Reached XP level 3. HP: 24/28 MP: 3/3
  1404 | D:2      | Noticed Sigmund
  1423 | D:2      | Killed Sigmund
  1424 | D:2      | Reached skill level 4 in Short Blades
  1424 | D:2      | Reached skill level 1 in Armour
  1424 | D:2      | Gained mutation: You have a tail ending in a sharp stinger.
                  | [demonic ancestry]
  1424 | D:2      | Reached XP level 4. HP: 8/35 MP: 4/4
  1424 | D:2      | Gained mutation: You have large cloven feet. [demonic
                  | ancestry]
  1424 | D:2      | Reached XP level 5. HP: 10/41 MP: 5/5
  1687 | D:2      | Noticed Robin
  1697 | D:2      | Killed Robin
  2012 | D:2      | You fall into a shaft and drop 1 floor!
  2413 | D:2      | Noticed Natasha
  2426 | D:2      | Killed Natasha
  2580 | D:2      | Noticed Natasha
  2591 | D:2      | Killed Natasha
  2592 | D:2      | Gained mutation: You have a pair of small antennae on your
                  | head. [demonic ancestry]
  2592 | D:2      | Reached XP level 6. HP: 9/47 MP: 6/6
  2629 | D:2      | Noticed Natasha
  2901 | D:2      | Killed Natasha
  3247 | D:3      | Found a radiant altar of Vehumet.
  3792 | D:4      | Found a bloodstained altar of Trog.
  3949 | D:4      | Found a staircase to the Ecumenical Temple.
  4459 | D:5      | Entered Level 5 of the Dungeon
  4759 | D:5      | Reached skill level 5 in Short Blades
  4768 | D:5      | Reached XP level 7. HP: 33/50 MP: 7/7
  5064 | D:5      | Found a blossoming altar of Fedhas.
  5805 | D:5      | Noticed Menkaure
  5814 | D:5      | HP: 1/54 [Menkaure (18)]
  5816 | D:5      | Demolished by Menkaure

Illustrated notes

Levels and vault maps discovered:
D:1:      dpeg_arrival_simpleton_a, layout_loops_corners,
          hellmonk_ecumenical_altar_blasted
D:2:      layout_basic, uniq_natasha, uniq_sigmund, uniq_robin
D:3:      layout_basic, mainiacjoe_overflow_surrounded_room,
          nicolae_elevator_lobby_asterisk
D:4:      layout_loops_cross, trog_three_pillars_becter,
          minmay_temple_entry_glass
D:5:      layout_gridville, nicolae_overflow_crystal_walls, uniq_menkaure

Skill      XL: |  1  2  3  4  5  6  7 |
---------------+----------------------+-----
Short Blades   | 3 4 5 |  5.6
Dodging        | 3 4 |  4.4
Fighting       | 3 4 |  4.2
Armour         | 1 2 3 |  3.2
Throwing       | |  1.7

Action                   |  1- 3 |  4- 6 |  7- 9 || total
-------------------------+-------+-------+-------++-------
Melee: Rapier            |    83 |   147 |    80 ||   310
       Tailslap          |     1 |     9 |     8 ||    18
       Kick              |       |    49 |    21 ||    70
       Punch             |       |       |     4 ||     4
Armor: Leather armour    |     5 |       |       ||     5
       Scale mail        |    36 |    67 |    29 ||   132
Dodge: Dodged            |    51 |    63 |    36 ||   150

Table legend: (Time is in decaauts)
 A = Elapsed time spent in this place.
 B = Non-inter-level travel time spent in this place.
 C = Inter-level travel time spent in this place.
 D = Time resting spent in this place.
 E = Time spent auto-exploring this place.
 F = Levels seen in this place.
 G = Mean time per level.
                   A        B        C        D        E       F      G
               +--------+--------+--------+--------+--------+-----+--------+
         Total |   5824 |   5702 |    122 |   1143 |   3905 |   5 | 1164.8 |
       Dungeon |   5824 |   5702 |    122 |   1143 |   3905 |   5 | 1164.8 |
               +--------+--------+--------+--------+--------+-----+--------+

Top non-repeatable levels by time:
     D:2: 1790 daAuts
     D:5: 1350 daAuts
     D:1: 1231 daAuts
     D:4: 771 daAuts
     D:3: 682 daAuts
